MLB
PHILADELPHIA PHILLIES @ NEW YORK METS
10/01/2046
 
TOP OF THE 1ST
Philadelphia Phillies batting - Pitching for New York Mets : RHP Ron Hawkins
Pitching: RHP Ron Hawkins
Batting: SHB Billy Encinias 0-0: Ball
1-0: Called Strike
1-1: Called Strike
1-2: Ball
2-2: Foul Ball, location: 2F
2-2: SINGLE (Groundball, 4S, EV 73.8 MPH) (infield hit)
Batting: LHB Nick Canizales 0-0: Foul Ball, location: 2F
0-1: Fly out, F8 (Flyball, 8RD, EV 91.9 MPH)
Batting: LHB Xavier Pittman 0-0: Called Strike
0-1: Ball
1-1: Foul Ball, location: 2F
1-2: Ball
2-2: SINGLE (Groundball, 4M, EV 86.2 MPH) (infield hit)
Billy Encinias to second
Batting: SHB Lance Franklin 0-0: Foul Ball, location: 2F
0-1: Ball
1-1: Foul Ball, location: 2F
1-2: Ball
2-2: Ball
3-2: Foul Ball, location: 2F
3-2: Foul Ball, location: 2F
3-2: Strikes out swinging
Batting: LHB Osamu Kubo 0-0: Called Strike
0-1: Swinging Strike
0-2: Strikes out looking
Top of the 1st over - 0 runs, 2 hits, 0 errors, 2 left on base; Philadelphia 0 - New York 0
BOTTOM OF THE 1ST
New York Mets batting - Pitching for Philadelphia Phillies : RHP Matt Evans
Pitching: RHP Matt Evans
Batting: SHB Nelle van den Berg 0-0: Ball
1-0: Foul Ball, location: 2F
1-1: Ball
2-1: Foul Ball, location: 2F
2-2: Strikes out swinging
Batting: RHB Jeff Jank 0-0: Foul Ball, location: 2F
0-1: Ball
1-1: Ball
2-1: Foul Ball, location: 2F
2-2: Foul Ball, location: 2F
2-2: SINGLE (Groundball, 6S, EV 75.0 MPH) (infield hit)
Batting: SHB Gus Berry 0-0: Ball
Jeff Jank steals 2nd base (no throw)
1-0: Fly out, F7 (Flyball, 78S, EV 91.2 MPH)
Batting: SHB Jonathan Jenkins 0-0: Swinging Strike
0-1: Foul Ball, location: 2F
0-2: Strikes out looking
Bottom of the 1st over - 0 runs, 1 hit, 0 errors, 1 left on base; Philadelphia 0 - New York 0
TOP OF THE 2ND
Philadelphia Phillies batting - Pitching for New York Mets : RHP Ron Hawkins
Batting: LHB Eric Katz 0-0: Swinging Strike
0-1: Ball
1-1: Ground out 4-3 (Groundball, 4, EV 83.8 MPH)
Batting: LHB Ryan Trombley 0-0: Ball
1-0: Called Strike
1-1: SINGLE (Line Drive, 5D, EV 95.6 MPH)
Batting: LHB Mike Davis 0-0: Ball
1-0: Fly out, F8 (Line Drive, 8LM, EV 93.1 MPH)
Batting: LHB Jim Beaver 0-0: Ball
1-0: Ground out 5-3 (Groundball, 56, EV 98.8 MPH)
Top of the 2nd over - 0 runs, 1 hit, 0 errors, 1 left on base; Philadelphia 0 - New York 0
BOTTOM OF THE 2ND
New York Mets batting - Pitching for Philadelphia Phillies : RHP Matt Evans
Batting: RHB Jesus Chavez 0-0: Ball
1-0: Foul Ball, location: 2F
1-1: Foul Ball, location: 2F
1-2: Foul Ball, location: 2F
1-2: Strikes out swinging
Batting: SHB Roberto Magne 0-0: Ball
1-0: Ball
2-0: Ball
3-0: Base on Balls
Batting: LHB Sal Fernandez 0-0: Reached on error, E1 (Groundball, 13S, EV 66.9 MPH)
Roberto Magne to second
Batting: SHB Scott Bartholomew 0-0: Foul Ball, location: 2F
0-1: Ball
1-1: Foul Ball, location: 2F
1-2: Ball
2-2: Ball
3-2: Grounds into double play, 4-6-3 (Groundball, 4, EV 104.4 MPH)
Bottom of the 2nd over - 0 runs, 0 hits, 1 error, 1 left on base; Philadelphia 0 - New York 0
TOP OF THE 3RD
Philadelphia Phillies batting - Pitching for New York Mets : RHP Ron Hawkins
Batting: SHB Billy Encinias 0-0: Swinging Strike
0-1: Ball
1-1: SINGLE (Flyball, 78S, EV 91.9 MPH)
Batting: LHB Nick Canizales 0-0: Foul Ball, location: 2F
0-1: Foul Ball, location: 2F
0-2: Foul Ball, location: 2F
0-2: Fly out, F8 (Flyball, 89M, EV 93.1 MPH)
Batting: LHB Xavier Pittman 0-0: Ball
1-0: Grounds into double play, 3-6-3 (Groundball, 3, EV 88.8 MPH)
Top of the 3rd over - 0 runs, 1 hit, 0 errors, 0 left on base; Philadelphia 0 - New York 0
BOTTOM OF THE 3RD
New York Mets batting - Pitching for Philadelphia Phillies : RHP Matt Evans
Batting: RHB Jeff MacPhee 0-0: Called Strike
0-1: Ground out 6-3 (Groundball, 56, EV 108.1 MPH)
Batting: SHB Nelle van den Berg 0-0: Foul Ball, location: 2F
0-1: Ball
1-1: Called Strike
1-2: Ball
2-2: Strikes out swinging
Batting: RHB Jeff Jank 0-0: Ground out 2-3 (Groundball, 15S, EV 71.9 MPH)
Bottom of the 3rd over - 0 runs, 0 hits, 0 errors, 0 left on base; Philadelphia 0 - New York 0
TOP OF THE 4TH
Philadelphia Phillies batting - Pitching for New York Mets : RHP Ron Hawkins
Batting: SHB Lance Franklin 0-0: Ball
1-0: Ball
2-0: Ball
3-0: Base on Balls
Batting: LHB Osamu Kubo 0-0: Called Strike
0-1: Foul Ball, location: 2F
0-2: Strikes out swinging
Batting: LHB Eric Katz 0-0: Called Strike
0-1: Ball
1-1: Swinging Strike
1-2: Strikes out looking
Batting: LHB Ryan Trombley 0-0: Called Strike
0-1: Foul Ball, location: 2F
0-2: Ball
1-2: Ball
2-2: Strikes out swinging
Top of the 4th over - 0 runs, 0 hits, 0 errors, 1 left on base; Philadelphia 0 - New York 0
BOTTOM OF THE 4TH
New York Mets batting - Pitching for Philadelphia Phillies : RHP Matt Evans
Batting: SHB Gus Berry 0-0: Foul Ball, location: 2F
0-1: Called Strike
0-2: Ball
1-2: Strikes out swinging
Batting: SHB Jonathan Jenkins 0-0: Called Strike
0-1: Ball
1-1: Called Strike
1-2: Strikes out looking
Batting: RHB Jesus Chavez 0-0: Swinging Strike
0-1: Ground out 6-3 (Groundball, 6, EV 77.5 MPH)
Bottom of the 4th over - 0 runs, 0 hits, 0 errors, 0 left on base; Philadelphia 0 - New York 0
TOP OF THE 5TH
Philadelphia Phillies batting - Pitching for New York Mets : RHP Ron Hawkins
Batting: LHB Mike Davis 0-0: Called Strike
0-1: Foul Ball, location: 2F
0-2: Ground out 4-3 (Groundball, 4, EV 106.9 MPH)
Batting: LHB Jim Beaver 0-0: Ball
1-0: Swinging Strike
1-1: Called Strike
1-2: Ball
2-2: Ball
3-2: Strikes out looking
Batting: SHB Billy Encinias 0-0: Ball
1-0: Called Strike
1-1: Foul Ball, location: 2F
1-2: Ground out 6-3 (Groundball, 56, EV 87.5 MPH)
Top of the 5th over - 0 runs, 0 hits, 0 errors, 0 left on base; Philadelphia 0 - New York 0
BOTTOM OF THE 5TH
New York Mets batting - Pitching for Philadelphia Phillies : RHP Matt Evans
Batting: SHB Roberto Magne 0-0: Ball
1-0: Called Strike
1-1: Ball
2-1: Called Strike
2-2: Strikes out swinging
Batting: LHB Sal Fernandez 0-0: SINGLE (Line Drive, 5D, EV 96.2 MPH)
Batting: SHB Scott Bartholomew 0-0: Fly out, F8 (Flyball, 8RD, EV 95.0 MPH)
Batting: RHB Jeff MacPhee 0-0: Ball
Wild Pitch!
Sal Fernandez to second
1-0: Ground out 5-3 (Groundball, 56, EV 102.5 MPH)
Bottom of the 5th over - 0 runs, 1 hit, 0 errors, 1 left on base; Philadelphia 0 - New York 0
TOP OF THE 6TH
Philadelphia Phillies batting - Pitching for New York Mets : RHP Ron Hawkins
Batting: LHB Nick Canizales 0-0: Ground out 3-1 (Groundball, 34, EV 106.9 MPH)
Batting: LHB Xavier Pittman 0-0: Called Strike
0-1: SOLO HOME RUN (Flyball, 8RXD, EV 114.4 MPH), Distance : 420 ft
Batting: SHB Lance Franklin 0-0: Ball
1-0: Fly out, F7 (Flyball, 7, EV 83.1 MPH)
Batting: LHB Osamu Kubo 0-0: Ball
1-0: Called Strike
1-1: Foul Ball, location: 2F
1-2: Strikes out looking
Top of the 6th over - 1 run, 1 hit, 0 errors, 0 left on base; Philadelphia 1 - New York 0
BOTTOM OF THE 6TH
New York Mets batting - Pitching for Philadelphia Phillies : RHP Matt Evans
Batting: SHB Nelle van den Berg 0-0: Swinging Strike
0-1: Ball
1-1: Ball
2-1: Ground out 6-3 (Groundball, 6, EV 105.0 MPH)
Batting: RHB Jeff Jank 0-0: Swinging Strike
0-1: Foul Ball, location: 2F
0-2: Ball
1-2: Foul Ball, location: 2F
1-2: Strikes out swinging
Batting: SHB Gus Berry 0-0: Called Strike
0-1: Ball
1-1: Foul Ball, location: 2F
1-2: Ball
2-2: Ground out 4-3 (Groundball, 34, EV 85.6 MPH)
Bottom of the 6th over - 0 runs, 0 hits, 0 errors, 0 left on base; Philadelphia 1 - New York 0
TOP OF THE 7TH
Philadelphia Phillies batting - Pitching for New York Mets : RHP Ron Hawkins
Batting: LHB Eric Katz 0-0: Ground out 5-3 (Groundball, 5, EV 85.6 MPH)
Batting: LHB Ryan Trombley 0-0: Called Strike
0-1: Swinging Strike
0-2: Ball
1-2: Strikes out looking
Batting: LHB Mike Davis 0-0: Ball
1-0: Foul Ball, location: 2F
1-1: Ball
2-1: Reached on error, E3 (Groundball, 3, EV 101.2 MPH)
Batting: LHB Jim Beaver 0-0: Called Strike
0-1: Ball
1-1: Ball
2-1: Called Strike
2-2: Ground out U3 (Groundball, 3, EV 91.2 MPH)
Top of the 7th over - 0 runs, 0 hits, 1 error, 1 left on base; Philadelphia 1 - New York 0
BOTTOM OF THE 7TH
New York Mets batting - Pitching for Philadelphia Phillies : RHP Matt Evans
Batting: SHB Jonathan Jenkins 0-0: Ball
1-0: Ball
2-0: SINGLE (Flyball, 78S, EV 97.5 MPH)
Batting: RHB Jesus Chavez 0-0: Called Strike
0-1: Ball
Wild Pitch!
Jonathan Jenkins to second
1-1: Swinging Strike
1-2: SINGLE (Flyball, 8LS, EV 91.9 MPH)
Jonathan Jenkins to third
Batting: SHB Roberto Magne 0-0: Ground out 4-3 (Groundball, 4, EV 89.4 MPH)
Jesus Chavez to second
Batting: LHB Sal Fernandez 0-0: SINGLE (Groundball, 25, EV 69.4 MPH) (infield hit)
Batting: SHB Scott Bartholomew 0-0: Ball
1-0: Called Strike
1-1: Ball
2-1: Foul Ball, location: 2F
2-2: SINGLE (Groundball, 34D, EV 96.9 MPH)
Jonathan Jenkins scores
Jesus Chavez to third
Sal Fernandez to second
Batting: RHB Jeff MacPhee 0-0: Called Strike
0-1: SINGLE (Line Drive, 8LS, EV 95.0 MPH)
Jesus Chavez scores
Sal Fernandez to third
Scott Bartholomew to second
Batting: SHB Nelle van den Berg 0-0: Ball
1-0: Foul Ball, location: 2F
1-1: Fly out, F7 (Flyball, 78M, EV 93.1 MPH)
Runner from 3rd tags up, SCORES, no throw by LF
Batting: RHB Jeff Jank 0-0: Ball
1-0: Swinging Strike
1-1: Foul Ball, location: 2F
1-2: Ball
2-2: Foul Ball, location: 2F
2-2: Strikes out swinging
Bottom of the 7th over - 3 runs, 5 hits, 0 errors, 2 left on base; Philadelphia 1 - New York 3
TOP OF THE 8TH
Philadelphia Phillies batting - Pitching for New York Mets : RHP Ron Hawkins
Batting: SHB Billy Encinias 0-0: Ball
1-0: Ball
2-0: Called Strike
2-1: Ball
3-1: Base on Balls
Batting: LHB Nick Canizales 0-0: SINGLE (Groundball, 34D, EV 100.0 MPH)
Billy Encinias to second
Runner from 2nd tries for 3rd, SAFE, throw by RF made to third
Nick Canizales to second
Pitching: LHP Chris Thurner
Pinch Hitting: RHB Chef Belew 0-0: Ball
1-0: Swinging Strike
1-1: Ball
2-1: Ball
3-1: Called Strike
3-2: Strikes out swinging
Batting: SHB Lance Franklin 0-0: Ball
1-0: Foul Ball, location: 2F
1-1: Ball
2-1: Foul Ball, location: 2F
2-2: Ball
3-2: Ground out 6-3 (Groundball, 6MD, EV 80.6 MPH)
Billy Encinias scores
Nick Canizales to third
Batting: RHB Melchor Sovrivilla 0-0: 2-RUN HOME RUN (Flyball, 7LD, EV 95.0 MPH), Distance : 344 ft
Batting: LHB Eric Katz 0-0: Ball
1-0: Called Strike
1-1: Called Strike
1-2: Ball
2-2: Strikes out swinging
Top of the 8th over - 3 runs, 2 hits, 0 errors, 0 left on base; Philadelphia 4 - New York 3
BOTTOM OF THE 8TH
New York Mets batting - Pitching for Philadelphia Phillies : RHP Matt Evans
Now at 1B: Josh Hensley
Now at SS: Nick Canizales
Batting: SHB Gus Berry 0-0: Ball
1-0: Ball
2-0: Ball
3-0: Base on Balls
Batting: SHB Jonathan Jenkins 0-0: Ball
1-0: Ball
2-0: Called Strike
2-1: Called Strike
2-2: Grounds out, U3 (Groundball, 3L, EV 107.5 MPH)
Pitching: RHP Nick Turner
Batting: SHB Sean Cook 0-0: Called Strike
0-1: Ball
1-1: Ball
2-1: Swinging Strike
2-2: Ball
3-2: Base on Balls
Batting: SHB Roberto Magne 0-0: Ball
1-0: Called Strike
1-1: Called Strike
1-2: Strikes out swinging
Batting: LHB Sal Fernandez 0-0: Ground out 1-3 (Groundball, 15S, EV 70.0 MPH)
Bottom of the 8th over - 0 runs, 0 hits, 0 errors, 2 left on base; Philadelphia 4 - New York 3
TOP OF THE 9TH
Philadelphia Phillies batting - Pitching for New York Mets : LHP Chris Thurner
Pitching: LHP Sam Schrecengost
Batting: LHB Ryan Trombley 0-0: Called Strike
0-1: Ball
1-1: Foul Ball, location: 2F
1-2: Foul Ball, location: 2F
1-2: Fly out, F8 (Flyball, 8RXD, EV 83.8 MPH)
Batting: LHB Mike Davis 0-0: Swinging Strike
0-1: Foul Ball, location: 2F
0-2: Strikes out swinging
Batting: LHB Jim Beaver 0-0: Ball
1-0: Fly out, F8 (Flyball, 8LD, EV 95.0 MPH)
Top of the 9th over - 0 runs, 0 hits, 0 errors, 0 left on base; Philadelphia 4 - New York 3
BOTTOM OF THE 9TH
New York Mets batting - Pitching for Philadelphia Phillies : RHP Nick Turner
Pitching: RHP Jamie Verberkmoes
Batting: SHB Scott Bartholomew 0-0: Called Strike
0-1: Ball
1-1: Ball
2-1: Ball
3-1: Called Strike
3-2: Foul Ball, location: 2F
3-2: Strikes out swinging
Pinch Hitting: SHB Scott Scott 0-0: Ball
1-0: Ground out 6-3 (Groundball, 56, EV 80.6 MPH)
Batting: SHB Nelle van den Berg 0-0: Ball
1-0: Called Strike
1-1: Foul Ball, location: 2F
1-2: Strikes out swinging
Bottom of the 9th over - 0 runs, 0 hits, 0 errors, 0 left on base; Philadelphia 4 - New York 3
Tuesday, September 13th , 2022 - OOTP Baseball 23.7 Build 88